 Dungeon Crawl Stone Soup version 0.30-a0-782-ge64f9170bb (webtiles) character file.

Game seed: 1626367290145468707

76 Crownlay the Digger (level 4, 0/27 HPs)
             Began as an Octopode Earth Elementalist on Feb 26, 2023.
             Slain by an adder (3 damage)
             ... on level 2 of the Dungeon.
             The game lasted 00:02:28 (1377 turns).

Crownlay the Digger (Octopode Earth Elementalist)   Turns: 1377, Time: 00:02:29

Health: 0/27       AC:  1    Str:  7    XL:     4   Next: 32%
Magic:  3/8        EV: 13    Int: 19    God:
Gold:   37         SH:  0    Dex: 12    Spells: 8/9 levels left

rFire   + . .      SeeInvis .    e - +3 short sword (venom)
rCold   . . .      Faith    .    (no shield)
rNeg    . . .      Spirit   .    (helmet restricted)
rPois   .          Reflect  .    (no amulet)
rElec   .          Harm     .    b - ring of protection from fire
rCorr   .          Rampage  .    (no ring)
Will    .....                    (no ring)
Stlth   +++                      (no ring)
HPRegen 0.24/turn                (no ring)
MPRegen 0.11/turn                (no ring)
                                 (no ring)
                                 (no ring)

@: no status effects
A: almost no armour, amphibious, 8 rings, camouflage 1, gelatinous body 1,
(nimble swimmer 1), tentacles
a: no special abilities


You were on level 2 of the Dungeon.
You visited 1 branch of the dungeon, and saw 2 of its levels.

You collected 37 gold pieces.

Inventory:

Hand Weapons
 e - a +3 short sword of venom (weapon)
Armour
 c - a +0 buckler
Jewellery
 b - a ring of protection from fire (left tentacle)
Scrolls
 f - 2 scrolls of teleportation {unknown}
 g - a scroll of enchant armour {unknown}
 h - a scroll of identify {unknown}
 j - a scroll of blinking {unknown}
 k - a scroll of poison {unknown}
Potions
 a - a potion of magic
 d - a potion of heal wounds {unknown}
 i - a potion of resistance {unknown}
 l - a potion of haste {unknown}


   Skills:
 - Level 2.0 Dodging
 - Level 2.6 Stealth
 + Level 1.1 Shields
 * Level 3.2 Spellcasting
 - Level 1.0 Transmutations
 * Level 3.8 Earth Magic


You had 8 spell levels left.
You knew the following spells:

 Your Spells              Type           Power      Damage    Failure   Level
a - Sandblast             Erth           34%        2d9       3%          1

Your spell library contained the following spells:

 Spells                   Type           Power      Damage    Failure   Level
 Passwall                 Tmut/Erth      10%        N/A       9%          2
 Apportation              Tloc           6%         N/A       16%         1
 Necrotise                Necr           12%        1d4       16%         1
 Summon Small Mammal      Summ           12%        N/A       16%         1
 Stone Arrow              Conj/Erth      20%        3d8       21%         3
 Petrify                  Tmut/Erth      12%        N/A       50%         4


Dungeon Overview and Level Annotations

Branches:
Dungeon (2/15)

Altars:

Annotations:
D:2 Robin


Innate Abilities, Weirdness & Mutations

You cannot wear most types of armour.
You are amphibious.
You can wear up to eight rings at the same time.
Your skin changes colour to match your surroundings (Stealth+).
Your rubbery body absorbs attacks. (AC +1, EV +1)
((You are camouflaged when in or above water. (Stealth+)))
You have tentacles for arms and can constrict up to eight enemies at once.


Message History

The goblin shouts!
A bat comes into view.
The goblin hits you with a +0 club.
A goblin comes into view. It is wielding a +0 dagger.
Robin says, "A pitiful Octopus like you will never find the ORB!"
Robin throws the goblin at you!
The bat moves out of view.
Casting: Sandblast (safe; 3% risk of failure)
Confirm with . or Enter, or press ? or * to list all spells.
Aiming: Sandblast (safe; 3% risk of failure)
Press: ? - help, Shift-Dir - straight line, f - goblin
Aim: a goblin, wielding a +0 club (77% to hit)
The blast of sand hits the goblin.
You kill the goblin!
The goblin shouts!
A goblin comes into view. It is wielding a +0 club.
Robin roars a battlecry!
The goblins go into a battle-frenzy!
The goblin closely misses you. The goblin hits you with a +0 club.
Robin throws the goblin at you!
A hobgoblin comes into view.
The goblin shouts!
Casting: Sandblast (safe; 3% risk of failure)
Confirm with . or Enter, or press ? or * to list all spells.
Aiming: Sandblast (safe; 3% risk of failure)
Press: ? - help, Shift-Dir - straight line, f - goblin
Aim: a goblin, wielding a +0 club (strong, 77% to hit)
The blast of sand hits the goblin!
You kill the goblin!
The goblin closely misses you.
Casting: Sandblast (safe; 3% risk of failure)
Confirm with . or Enter, or press ? or * to list all spells.
Aiming: Sandblast (safe; 3% risk of failure)
Press: ? - help, Shift-Dir - straight line, f - adder
Aim: an adder (70% to hit)
The blast of sand hits the adder.
The adder is lightly wounded.
The adder bites you. The goblin hits you with a +0 club.
* * * LOW HITPOINT WARNING * * *
The adder bites you.
You die...

.........###....#..........
..................#.##..##.##
..........##.................
..........#........).......#
....................##..####
.................#### ...#
..####...........# ...# ..#
#.........g.# ....> ..#
#.........)@# ......
..####..........S#


gg..... .................g .g..... ...........#######g ................ g.
......##........ .. ......##........ ... ................ ... ................
You could see an adder, a hobgoblin (strong) and 3 goblins.

Vanquished Creatures
  3 adders (D:2)
  2 worms (D:2)
  3 ball pythons (D:1)
  An endoplasm (D:2)
  12 goblins
  3 hobgoblins (D:1)
  8 kobolds
  A quokka (D:1)
  2 frilled lizards (D:1)
  5 rats
40 creatures vanquished.

Notes
Turn   | Place    | Note
-------+----------+-------------------------------------------
     0 | D:1      | Crownlay the Octopode Earth Elementalist began the quest
                  | for the Orb.
     0 | D:1      | Reached XP level 1. HP: 11/11 MP: 3/3
   119 | D:1      | Reached XP level 2. HP: 17/17 MP: 3/5
   607 | D:1      | Reached XP level 3. HP: 21/21 MP: 5/7
   929 | D:2      | Found a faded altar of an unknown god.
  1042 | D:2      | Reached skill level 1 in Shields
  1042 | D:2      | Reached XP level 4. HP: 11/27 MP: 3/8
  1352 | D:2      | Noticed Robin
  1377 | D:2      | Slain by an adder

Illustrated notes

Levels and vault maps discovered:
D:1:      erik_arrival_triangle_medium, layout_basic
D:2:      layout_basic, hellmonk_ecumenical_altar_heavens_door, uniq_robin

Skill      XL: |  1  2  3 |
---------------+----------+-----
Spellcasting   | 3 |  3.2
Shields        | 1 |  1.1
Dodging        | |  2.0
Stealth        | |  2.6
Transmutations | |  1.0
Earth Magic    | |  3.8

Action                     |  1- 3 |  4- 6 || total
---------------------------+-------+-------++-------
  Melee: Constrict         |     4 |       ||     4
         Tentacles         |     2 |       ||     2
         Unarmed           |     1 |       ||     1
         Dagger            |     6 |       ||     6
         Short sword       |     1 |       ||     1
   Cast: Sandblast         |    35 |    12 ||    47
 Armour: Skin              |     3 |     1 ||     4
  Dodge: Dodged            |    11 |     3 ||    14

Table legend: (Time is in decaauts)
 A = Elapsed time spent in this place.
 B = Non-inter-level travel time spent in this place.
 C = Inter-level travel time spent in this place.
 D = Time resting spent in this place.
 E = Time spent auto-exploring this place.
 F = Levels seen in this place.
 G = Mean time per level.
                   A        B        C        D        E       F      G
               +--------+--------+--------+--------+--------+-----+--------+
         Total |   1398 |   1365 |     33 |      0 |   1146 |   2 |  699.0 |
       Dungeon |   1398 |   1365 |     33 |      0 |   1146 |   2 |  699.0 |
               +--------+--------+--------+--------+--------+-----+--------+

Top non-repeatable levels by time:
     D:1: 890 daAuts
     D:2: 508 daAuts
